 Dungeon Crawl Stone Soup version 0.30.0-5-g1a98f26d00 (webtiles) character file.

Game seed: 7313062072666747252

92 Querens the Conjurer (level 4, -4/24 HPs)
             Began as a Deep Elf Conjurer on May 10, 2023.
             Slain by Eustachio
             ... wielding a +0 falchion
              (10 damage)
             ... on level 3 of the Dungeon.
             The game lasted 00:06:54 (1778 turns).

Querens the Conjurer (Deep Elf Conjurer)            Turns: 1778, Time: 00:06:55

Health: -4/24      AC:  2    Str:  4    XL:     4   Next: 35%
Magic:  3/12       EV: 13    Int: 25    God:
Gold:   138        SH:  0    Dex: 19    Spells: 1/12 levels left

rFire   . . .        j - +2 short sword (protect)
rCold   . . .        (no shield)
rNeg    + . .        a - +0 robe
rPois   .            (no helmet)
rElec   .            o - scarf {repulsion}
rCorr   .            (no gloves)
SInv    .            (no boots)
Will    .....        (no amulet)
Stlth   ++           h - +6 ring of dexterity
HPRegen 0.24/turn    s - ring of positive energy
MPRegen 0.13/turn

%: repel missiles
@: no status effects
A: no striking features
a: no special abilities


You were on level 3 of the Dungeon.
You visited 1 branch of the dungeon, and saw 4 of its levels.

You collected 138 gold pieces.

Inventory:

Hand Weapons
 j - a +2 short sword of protection (weapon)
Armour
 a - a +0 robe (worn)
 o - a scarf of repulsion (worn)
Magical Staves
 c - a staff of cold
 v - a staff of poison
Jewellery
 h - a +6 ring of dexterity (left hand)
 i - a ring of protection from cold
 r - a ring of see invisible
 s - a ring of positive energy (right hand)
Scrolls
 d - 2 scrolls of enchant weapon {unknown}
 e - a scroll of magic mapping {unknown}
 f - a scroll of fear {unknown}
 g - a scroll of acquirement {unknown}
 k - a scroll of enchant armour {unknown}
 l - a scroll of poison {unknown}
 m - a scroll of blinking {unknown}
 n - 2 scrolls of teleportation {unknown}
 q - a scroll of noise {unknown}
 u - 2 scrolls of immolation {unknown}
 w - a scroll of fog {unknown}
 x - 3 scrolls of identify {unknown}
Potions
 b - a potion of magic
 p - a potion of mutation {unknown}
 t - a potion of flight {unknown}
 z - a potion of experience {unknown}
 A - 3 potions of lignification {unknown}
 B - a potion of might {unknown}


   Skills:
 - Level 2.4 Dodging
 - Level 2.4 Stealth
 + Level 4.9 Spellcasting
 + Level 5.5 Conjurations
 + Level 0.3 Translocations


You had one spell level left.
You knew the following spells:

 Your Spells              Type           Power      Damage    Failure   Level
a - Magic Dart            Conj           100%       1d8       1%          1
b - Searing Ray           Conj           66%        2d6       1%          2
c - Iskenderun's Mystic   Conj/Tloc      20%        2d6       26%         4
d - Fulminant Prism       Conj/Hex       9%         3d7       26%         4

Your spell library contained the following spells:

 Spells                   Type           Power      Damage    Failure   Level
 Summon Small Mammal      Summ           24%        N/A       9%          1
 Dazzling Flash           Conj/Hex       38%        N/A       9%          3
 Ensorcelled Hibernation  Hex/Ice        12%        N/A       13%         2
 Passwall                 Tmut/Erth      5%         N/A       13%         2
 Call Canine Familiar     Summ           6%         N/A       26%         3
 Summon Guardian Golem    Hex/Summ       6%         N/A       26%         3
 Swiftness                Air            6%         N/A       26%         3


Dungeon Overview and Level Annotations

Branches:
Dungeon (4/15)
 Temple: D:4-7

Altars:
Kikubaaqudgha

Annotations:
D:3 2 transporters, Eustachio


Message History

There is a stone staircase leading up, spattered with blood here.
Eustachio misses you.
You climb upwards.
Level annotation: 2 transporters
There is a stone staircase leading down here.
Casting: Searing Ray (safe; 1% risk of failure)
Confirm with . or Enter, or press ? or * to list all spells.
Aiming: Searing Ray (safe; 1% risk of failure)
Press: ? - help, Shift-Dir - straight line, f - Eustachio
Aim: Eustachio, wielding a +0 falchion and wearing a +0 leather armour (73% to hit)
The searing ray hits Eustachio.
Eustachio is lightly wounded. (Press . to maintain the ray.) Eustachio screams, "This atrocity can only be purified with blood!"
Eustachio hits you with a +0 falchion!
* * * LOW HITPOINT WARNING * * *
Unknown command.
The searing ray hits Eustachio.
Eustachio is lightly wounded.
Eustachio closely misses you.
Unknown command.
Unknown command.
The searing ray hits Eustachio!
Eustachio is heavily wounded.
Eustachio gestures wildly while chanting.
Eustachio blinks!
Unknown command.
Unknown command.
The searing ray hits Eustachio!
Eustachio is heavily wounded.
You finish channelling your searing ray.
Casting: Searing Ray (safe; 1% risk of failure)
Confirm with . or Enter, or press ? or * to list all spells.
Aiming: Searing Ray (safe; 1% risk of failure)
Press: ? - help, Shift-Dir - straight line, f/p - Eustachio
Aim: Eustachio, wielding a +0 falchion and wearing a +0 leather armour (heavily wounded, 73% to hit)
The searing ray misses Eustachio. (Press . to maintain the ray.) Eustachio hits you with a +0 falchion!
You die...

#.........#.#####..#....###
########...........#......#
#.#..#....######.#....#.#
#.........#....#.#......#
#.##.#....#....#.##...###
#.#..............#.......
#.#..#...........#.######
#.######.†.......#.#8P#S~
#....[.§@..........#..#..
#####....@####....©#©/+..
#..............#..#..
#....#####...#.#8P#S~
#............#.######
#....#####..>#.......
#....# #...######## #....##
#...# # #.....############
#


You could see Eustachio.

Vanquished Creatures
  3 adders
  A worm (D:2)
  A dart slug (D:3)
  A ball python (D:1)
  4 endoplasms
  3 giant cockroaches
  7 goblins
  7 hobgoblins
  5 kobolds
  4 quokkas
  9 bats
  3 frilled lizards
  5 rats
53 creatures vanquished.

Notes
Turn   | Place    | Note
-------+----------+-------------------------------------------
     0 | D:1      | Querens the Deep Elf Conjurer began the quest for the Orb.
     0 | D:1      | Reached XP level 1. HP: 10/10 MP: 6/6
   128 | D:1      | Reached XP level 2. HP: 10/15 MP: 0/8
   269 | D:1      | Learned a level 2 spell: Searing Ray
   276 | D:1      | Found a faded altar of an unknown god.
   463 | D:1      | Reached skill level 5 in Conjurations
   463 | D:1      | Reached XP level 3. HP: 15/19 MP: 10/10
   767 | D:2      | You fall into a shaft and drop 1 floor!
   774 | D:3      | Found a transporter.
   908 | D:2      | Reached XP level 4. HP: 24/24 MP: 6/12
  1217 | D:3      | Found an ancient bone altar of Kikubaaqudgha.
  1628 | D:3      | Found a transporter.
  1705 | D:3      | Learned a level 4 spell: Iskenderun's Mystic Blast
  1710 | D:3      | Learned a level 4 spell: Fulminant Prism
  1721 | D:4      | Noticed a phantom
  1749 | D:4      | Noticed Eustachio
  1778 | D:3      | Slain by Eustachio

Illustrated notes

Levels and vault maps discovered:
D:1:      heliophobic_arrival_enchanted_forest, layout_rooms,
          shapermc_ecumenical_altar_hornbeckon
D:2:      layout_rooms, minmay_surrounded
D:3:      gammafunk_steamed_eel, layout_basic, amcnicky_altar_gilded,
          minmay_misc_feat_rugged
D:4:      layout_cave_pools, chequers_temple_overflow_statue_of_worship,
          mainiacjoe_overflow_six_doors_small, uniq_eustachio, uniq_grinder

Skill      XL: |  1  2 |
---------------+-------+-----
Spellcasting   | 4 |  4.9
Conjurations   | 5 |  5.5
Dodging        | |  2.4
Stealth        | |  2.4
Translocations | |  0.3

Action                     |  1- 3 |  4- 6 || total
---------------------------+-------+-------++-------
  Melee: Long sword        |    18 |       ||    18
         Short sword       |    19 |    29 ||    48
   Cast: Magic Dart        |    29 |     4 ||    33
         Searing Ray       |     5 |     3 ||     8
   Stab: Sleeping          |     1 |     2 ||     3
 Armour: Robe              |    10 |     8 ||    18
  Dodge: Dodged            |    35 |    23 ||    58
